 Dungeon Crawl Stone Soup version 0.30-a0-1094-g860fb061e7 (webtiles) character file.

Game seed: 10689827867133290806

14 BlasphemerAmon the Slasher (level 2, -2/29 HPs)
             Began as a Gnoll Cinder Acolyte on Apr 17, 2023.
             Was a Priest of Ignis.
             Killed from afar by a dart slug (5 damage)
             ... with a slug dart
             ... on level 1 of the Dungeon.
             The game lasted 00:01:41 (328 turns).

BlasphemerAmon the Slasher (Gnoll Cinder Acolyte)    Turns: 328, Time: 00:01:41

Health: -2/29      AC:  9    Str: 13    XL:     2   Next: 45%
Magic:  5/5        EV: 11    Int: 13    God:    Ignis [***...]
Gold:   13         SH:  0    Dex:  7    Spells: 6/6 levels left

rFire   + . .      SeeInvis .    a - -1 falchion (flame)
rCold   . . .      Faith    .    (no shield)
rNeg    . . .      Spirit   .    b - +0 robe
rPois   .          Reflect  .    (no helmet)
rElec   .          Rampage  .    (no cloak)
rCorr   .                        (no gloves)
Will    .....                    (no boots)
Stlth   +                        (no amulet)
HPRegen 0.24/turn                (no ring)
MPRegen 0.09/turn                (no ring)

@: fiery-armoured
A: fangs 1, strong nose, distributed training
a: Renounce Religion, Fiery Armour, Foxfire Swarm, Rising Flame


You were on level 1 of the Dungeon.
You worshipped Ignis.
Ignis was most pleased with you.
You visited 1 branch of the dungeon, and saw 1 of its levels.

You collected 13 gold pieces.

Inventory:

Hand Weapons
 a - a -1 falchion of flaming (weapon)
Armour
 b - a +0 robe (worn)
Scrolls
 c - a scroll of teleportation {unknown}
 d - a scroll of enchant armour {unknown}


   Skills:
 + Level 6.5 Fighting
 + Level 0.4 Short Blades
 + Level 6.5 Long Blades
 + Level 0.4 Axes
 + Level 0.4 Maces & Flails
 + Level 0.4 Polearms
 + Level 0.4 Staves
 + Level 0.4 Ranged Weapons
 + Level 0.4 Throwing
 + Level 0.4 Armour
 + Level 0.4 Dodging
 + Level 0.4 Stealth
 + Level 0.4 Shields
 + Level 0.4 Unarmed Combat
 + Level 2.7 Spellcasting
 + Level 0.2 Conjurations
 + Level 0.2 Hexes
 + Level 0.2 Summonings
 + Level 0.2 Necromancy
 + Level 0.2 Translocations
 + Level 0.2 Transmutations
 + Level 5.3 Fire Magic
 + Level 0.2 Ice Magic
 + Level 0.2 Air Magic
 + Level 0.2 Earth Magic
 + Level 0.2 Poison Magic
 + Level 0.5 Invocations
 + Level 0.4 Evocations


You had 6 spell levels left.
You didn't know any spells.
Your spell library contained the following spells:

 Spells                   Type           Power      Damage    Failure   Level
 Scorch                   Fire           30%        2d6       4%          2
 Lesser Beckoning         Tloc           4%         N/A       32%         2
 Gell's Gravitas          Tloc           2%         N/A       54%         3
 Teleport Other           Tloc           2%         N/A       54%         3


Dungeon Overview and Level Annotations

Branches:
Dungeon (1/15)

Altars:


Innate Abilities, Weirdness & Mutations

You have very sharp teeth.
Your uncanny sense of smell can sniff out nearby items.
Your experience applies equally to all skills.


Message History

The kobold is heavily wounded.
The ball python bites you.
* * * LOW HITPOINT WARNING * * *
The ball python barely misses you. The kobold barely misses you.
The kobold misses you. The ball python closely misses you.
The ball python misses you.
You can't rise from this level!
A protective cloak of flame settles atop you.
The ball python barely misses you. x2
The frilled lizard bites you but does no damage.
The frilled lizard is burned by your cloak of flames.
You kill the frilled lizard!
The kobold hits you but does no damage.
The kobold is burned by your cloak of flames.
You kill the kobold!
The ball python attacks as you move away!
The ball python bites you but does no damage.
The ball python is burned by your cloak of flames.
You kill the ball python!
The dart slug launches a dart at you.
The slug dart hits you but does no damage.
The dart slug launches a dart at you. The slug dart misses you.
The dart slug launches a dart at you. The slug dart hits you.
* * * LOW HITPOINT WARNING * * *
You see here a ball python corpse.
The dart slug launches a dart at you. The slug dart hits you.
* * * LOW HITPOINT WARNING * * *
Things that are here:
a +0 whip; 3 stones; a kobold corpse You hit the dart slug but do no damage.
The dart slug launches a dart at you. The slug dart misses you.
You hit the dart slug. You burn the dart slug.
The dart slug is severely wounded.
The dart slug launches a dart at you. The slug dart hits you.
You die...

...............# #....
.....>.........# #....
.......>.....####....
##.... ............ .# #.
#.#####.....##....
...##.##.......##.##.....
.......#.#####...........
#....#...# #.....##....
#......w@#####.....##....
....#..#)†..##.....##....
..# #............#.......
#.!.....#########....
#...........####.....
#.#.....###..........
...........$..........
...........###..........
........................


You could see a dart slug.

Vanquished Creatures
  3 endoplasms (D:1)
  2 hobgoblins (D:1)
  3 ball pythons (D:1)
  A bat (D:1)
  A frilled lizard (D:1)
  2 kobolds (D:1)
  2 rats (D:1)
14 creatures vanquished.

Vanquished Creatures (others)
  47 foxfires (D:1)
47 creatures vanquished.

Grand Total: 61 creatures vanquished

Notes
Turn   | Place    | Note
-------+----------+-------------------------------------------
     0 | D:1      | BlasphemerAmon the Gnoll Cinder Acolyte began the quest for
                  | the Orb.
     0 | D:1      | Reached XP level 1. HP: 23/23 MP: 4/4
    70 | D:1      | Reached XP level 2. HP: 11/29 MP: 5/5
   328 | D:1      | Killed from afar by a dart slug

Illustrated notes

Levels and vault maps discovered:
D:1:      eino_arrival_druids_welcome, layout_rooms, serial_shops,
          nicolae_shop_gaudy_bauble, minivault_24

Action                     || total
---------------------------++-------
  Melee: Falchion          ||    24
         Bite              ||     2
         Punch             ||     1
 Invoke: Foxfire Swarm     ||     3
         Fiery Armour      ||     1
 Armour: Robe              ||    14
  Dodge: Dodged            ||    41

Table legend: (Time is in decaauts)
 A = Elapsed time spent in this place.
 B = Non-inter-level travel time spent in this place.
 C = Inter-level travel time spent in this place.
 D = Time resting spent in this place.
 E = Time spent auto-exploring this place.
 F = Levels seen in this place.
 G = Mean time per level.
                   A        B        C        D        E       F      G
               +--------+--------+--------+--------+--------+-----+--------+
         Total |    327 |    327 |      0 |    159 |      0 |   1 |  327.0 |
       Dungeon |    327 |    327 |      0 |    159 |      0 |   1 |  327.0 |
               +--------+--------+--------+--------+--------+-----+--------+

Top non-repeatable levels by time:
     D:1: 327 daAuts
